 Dungeon Crawl Stone Soup version 0.15-a0-2165-g9981db6 (webtiles) character file.

51 Conan321 the Magician (level 3, 0/21 HPs)
             Began as an Octopode Wizard on July 20, 2014.
             Was an Initiate of Kikubaaqudgha.
             Slain by a worm (10 damage)
             ... on Level 2 of the Dungeon.
             The game lasted 00:07:21 (1813 turns).

Conan321 the Magician (Octopode Wizard)             Turns: 1813, Time: 00:07:22

HP   0/21        AC  1     Str  6      XL: 3   Next: 81%
MP   1/9         EV 12     Int 21      God: Kikubaaqudgha [......]
Gold 100         SH  0     Dex  8 (10) Spells:  4 memorised,  2 levels left

rFire  . . .     SeeInvis .     (no weapon)
rCold  . . .     Clarity  .     (no shield)
rNeg   . . .     rCorr    .     b - +0 hat
rPois  .         rRot     .     (no amulet)
rElec  .         Spirit   .     (no ring)
SustAb .         Warding  .     (no ring)
rMut   .         Stasis   .     (no ring)
Gourm  .                        (no ring)
MR     .....                    (no ring)
                                (no ring)
                                (no ring)
                                (no ring)

@: very slightly contaminated, not resistant to hostile enchantments, fairly
stealthy
A: almost no armour, amphibious, 8 rings, constrict 8, camouflage 1, gelatinous
body 1
a: Renounce Religion


You were on level 2 of the Dungeon.
You worshipped Kikubaaqudgha.
Kikubaaqudgha was noncommittal.
You were hungry.

You visited 1 branch of the dungeon, and saw 2 of its levels.

You collected 100 gold pieces.

Inventory:

Missiles
 k - 8 poisoned needles
Armour
 b - a +0 hat (worn)
Magical devices
 h - a wand of slowing (9)
Comestibles
 d - a bread ration
 j - 2 meat rations
Scrolls
 e - a scroll of identify {unknown}
 f - a scroll of magic mapping {unknown}
 g - a scroll of remove curse {unknown}
 m - a scroll of noise {unknown}
Potions
 i - a potion of curing
 l - 2 potions of agility {unknown}
 n - a potion of flight {unknown}
 o - a potion of heal wounds {unknown}
 p - 2 potions of restore abilities {unknown}
Books
 c - a book of Minor Magic

   Spells                             Type                      Level
   *Magic Dart                        Conjuration                  1
   *Blink                             Translocation                2
   *Call Imp                          Summoning                    2
   Repel Missiles                     Charms/Air                   2
   Slow                               Hexes                        2
   Conjure Flame                      Conjuration/Fire             3
   *Mephitic Cloud                    Conjuration/Poison/Air       3


   Skills:
 + Level 2.4 Dodging
 + Level 3.1 Stealth
 + Level 4.0 Spellcasting
 + Level 1.1 Conjurations
 + Level 1.0 Summonings
 + Level 1.0 Translocations


You had 2 spell levels left.
You knew the following spells:

 Your Spells              Type           Power        Failure   Level  Hunger
a - Magic Dart            Conj           #...         10%         1    None
b - Blink                 Tloc           N/A          12%         2    #......
c - Call Imp              Summ           #.......     12%         2    #......
d - Mephitic Cloud        Conj/Pois/Air  #.......     34%         3    ###....


Dungeon Overview and Level Annotations

Branches:
Dungeon (2/15)

Altars:
Kikubaaqudgha


Innate Abilities, Weirdness & Mutations

You cannot wear most types of armour.
You are amphibious.
You can wear up to eight rings at the same time.
You can use your tentacles to constrict many enemies at once.
Your skin changes colour to match your surroundings (Stealth).
Your rubbery body absorbs attacks (AC +1).


Message History

The magic dart hits the worm.
The worm is moderately wounded.
You barely miss the worm. You grab the worm.
The worm is moderately wounded.
You constrict the worm.
You tentacle-slap the worm but do no damage.
You squeeze the worm!
The worm is severely wounded.
You constrict the worm. The worm bites you.
You tentacle-slap the worm. You squeeze the worm, but do no damage.
The worm is severely wounded.
You constrict the worm. The worm bites you.
You tentacle-slap the worm.
The worm is severely wounded.
You constrict the worm. You tentacle-slap the worm. You squeeze the worm.
The worm is almost dead.
You constrict the worm. The worm bites you!
You die...
Kikubaaqudgha rasps: "You have failed me!
Welcome... death!"

#....###..# ##...## #.#######
...#. ##.# #..### #........ ####
. #.######.## ##.......
#..%.....# #####.......
#......###### #...........
####...### #.##........
##.....########...........
#######...##....##......##.......
...##...#####.#w@....)###########
##.#..######....##....####
.........%.......####..%.###
##.#.#####..##.#..# ####...## ###
#...# #..##.##.# ###..###.#
##..### #.....##.# #.......
#....###.#..###.# #####...#...
#.##.##......##.####.....#..#..
#.##..#.##......##...######....


You could see a worm.

Vanquished Creatures
  An adder (D:2)
  A giant cockroach (D:2)
  3 hobgoblins
  2 jackals (D:2)
  5 bats
  A giant gecko (D:1)
  4 giant newts
  4 goblins
  5 kobolds
  5 rats
31 creatures vanquished.

Vanquished Creatures (collateral kills)
  Jessica (D:2)
  A rat (D:2)
2 creatures vanquished.

Grand Total: 33 creatures vanquished

Notes
Turn   | Place    | Note
--------------------------------------------------------------
     0 | D:1      | Conan321, the Octopode Wizard, began the quest for the Orb.
     0 | D:1      | Reached XP level 1. HP: 11/11 MP: 4/4
     3 | D:1      | Noticed an electric eel
     3 | D:1      | Noticed an electric eel
   559 | D:1      | Reached XP level 2. HP: 17/17 MP: 0/6
   563 | D:1      | Learned a level 2 spell: Blink
   566 | D:1      | Learned a level 2 spell: Call Imp
   982 | D:2      | Found an ancient bone altar of Kikubaaqudgha.
  1030 | D:2      | Reached XP level 3. HP: 18/21 MP: 0/8
  1032 | D:2      | Became a worshipper of Kikubaaqudgha
  1501 | D:2      | Noticed Jessica
  1522 | D:2      | Killed Jessica
  1522 | D:2      | Reached skill level 4 in Spellcasting
  1683 | D:2      | Learned a level 3 spell: Mephitic Cloud
  1813 | D:2      | Slain by a worm

Action                   || total
-------------------------++-------
Melee: Unarmed           ||    49
 Cast: Magic Dart        ||    71
       Mephitic Cloud    ||     1
       Call Imp          ||     1
Evoke: Wand              ||     1
  Use: Potion            ||     4
       Scroll            ||     1
  Eat: Chunk             ||     2
